cohdb
Replays
Latest Replays
All Replays
Popular Replays
Top Player Replays
Match Explorer
How It Works
Community
CoH3 Stats
Reddit
Sign in to upload your games and track your stats! →
Sign in with Steam
Match 39852580
Unlisted
Match 39852580
Overview
Messages
Build Orders
End
Vickers Machine Gun Team
Construct Section Command Post
Selects Canadian Shock Battlegroup
Dingo Light Scout Car
ML 3-inch Mortar Team
Royal Engineer Section
Construct Platoon Command Post
6-pounder Anti-tank Gun Team
Humber Armored Car
Construct Field Infirmary
Selects Offensive Resupply
Selects Canadian Shock Section
Canadian Shock Section
CMP 15cwt Truck
Infantry Training
Team Weapon Training
6-pounder Anti-tank Gun Team
Selects Burnout
Light Vehicle Training
CMP 15cwt Truck
Burnout
CMP 15cwt Truck
Selects Pyrotechnics
Selects Pyrotechnics
Burnout
Selects Smoke Operation
Canadian Shock Section
Burnout
Selects Smoke Operation
Construct Company Command Post
Matilda II Heavy Tank
Foot Guards Section
Foot Guards Section
Armored Vehicle Training
Burnout
CMP 15cwt Truck
Canadian Shock Section
Selects Churchill Crocodile Heavy Tank
Smoke Operation
Royal Engineer Section
Churchill Crocodile Heavy Tank
Smoke Operation
Crusader II Medium Tank
Rifle Jock
SneaKerz
gb_gbg
Flekz127
lil balox
ImSeXergy™
0
0
Comments
sign in to comment!
No comments posted yet!